Map: [ESL] NeoHumanity

Players

Reynor

  • Race: Zerg Zerg

Oliveira - Winner!

  • Race: Terran Terran

Event: IEM Katowice 2023

VOD

Have the link to the VOD?

Description

Time

  • Played on: Feb. 12, 2023, 8:20 a.m.
  • Length: 8:46

All games in this series

Show
View Real Time Build Order
Export as new Build Order

Reynor Zerg 

Build Orders: Hatch First 

Get SALT Encoding   

  12  0:00  Drone  
  13  0:12  Overlord  
  13  0:16  Drone  
  14  0:30  Drone x2  
  16  0:47  Hatchery  
  15  0:51  Drone  
  15  0:54  Drone  
  17  0:57  Drone  
  18  1:08  Extractor  
  17  1:12  Spawning Pool  
  17  1:16  Drone  
  17  1:19  Drone  
  18  1:27  Drone  
  19  1:38  Drone  
  20  1:49  Overlord  
  20  1:59  Queen x2  
  24  2:05  Zergling x4  
  26  2:09  Drone  
  26  2:10  Drone  
  28  2:21  Drone x2  
  30  2:28  Hatchery  
  29  2:31  Drone  
  29  2:32  Drone  
  31  2:38  Metabolic Boost  
  31  2:43  Drone  
  31  2:44  Overlord  
  32  2:53  Drone  
  32  2:54  Drone, Queen  
  36  3:03  Drone  
  36  3:04  Drone  
  38  3:09  Overlord  
  38  3:10  Queen  
  38  3:12  Drone x2  
  42  3:15  Drone  
  42  3:18  Overlord  
  43  3:25  Drone  
  44  3:27  Drone  
  44  3:30  Queen  
  47  3:36  Drone  
  47  3:39  Drone  
  49  3:41  Queen  
  49  3:42  Drone  
  49  3:47  Overlord  
  52  3:48  Queen  
  52  3:50  Drone x2  
  56  3:57  Drone  
  56  3:59  Drone  
  56  4:02  Drone x4  
  62  4:08  Overlord  
  62  4:13  Zergling x4  
  62  4:14  Roach Warren  
  63  4:20  Overlord  
  63  4:21  Drone x2  
  63  4:22  Queen  
  67  4:26  Overlord  
  67  4:27  Zergling x2  
  68  4:32  Zergling x2  
  68  4:34  Overlord  
  68  4:35  Zergling x2  
  69  4:39  Baneling Nest  
  69  4:40  Lair  
  69  4:42  Drone  
  69  4:45  Drone x2  
  72  4:52  Overlord  
  72  4:53  Hatchery  
  72  4:54  Drone x6  
  72  4:56  Drone  
  72  4:57  Drone  
  79  5:00  Extractor, Queen  
  79  5:02  Overlord  
  79  5:06  Drone x2  
  82  5:08  Drone x2  
  82  5:12  Drone, Spore Crawler  
  82  5:14  Spore Crawler  
  83  5:18  Drone x2  
  83  5:20  Drone, Spore Crawler  
  86  5:21  Drone  
  86  5:22  Drone x2  
  86  5:25  Extractor  
  86  5:28  Extractor, Drone x4  
  89  5:30  Overlord  
  89  5:33  Drone  
  89  5:34  Queen  
  93  5:39  Overlord  
  93  5:42  Drone  
  94  5:43  Spire  
  94  5:44  Zergling x8  
  94  5:49  Drone  
  98  5:51  Drone x2  
  98  5:53  Extractor  
  98  5:54  Extractor, Zergling x6  
  101  6:01  Centrifugal Hooks  
  101  6:03  Drone  
  102  6:04  Drone x2  
  102  6:05  Evolution Chamber  
  102  6:10  Evolution Chamber  
  102  6:11  Overlord  
  102  6:12  Drone x3  
  102  6:14  Drone x3  
  102  6:17  Baneling x5  
  108  6:18  Zergling x2  
  108  6:19  Zergling x6  
  108  6:25  Drone x3  
  115  6:27  Zergling x6  
  115  6:32  Queen  
  113  6:34  Zergling x2  
  113  6:36  Overlord, Spore Crawler  
  115  6:47  Overlord  
  115  6:51  Drone x4  
  115  6:52  Zerg Melee Weapons Level 1, Zerg Ground Armor Level 1  
  115  6:53  Zergling x12  
  124  6:58  Zergling x8  
  124  6:59  Zergling x4  
  130  7:06  Overlord  
  130  7:09  Mutalisk x5  
  130  7:12  Zergling x2  
  130  7:13  Baneling x6  
  141  7:19  Zergling x4  
  143  7:24  Mutalisk  
  143  7:26  Zergling x8  
  143  7:27  Hatchery  
  143  7:29  Hatchery  
  147  7:31  Zergling x8  
  147  7:36  Overlord  
  147  7:37  Zergling x8  
  154  7:41  Baneling x4  
  154  7:43  Zergling x4  
  157  7:44  Baneling  
  157  7:45  Baneling x7  
  157  7:51  Zergling x16  
  157  7:55  Overlord  
  164  7:58  Zergling x2  
  164  8:01  Zergling x2  
  161  8:05  Zergling x2  
  161  8:06  Zergling x8  
  161  8:09  Baneling x14  
  161  8:15  Zergling x6  
  161  8:16  Zergling x4  
  163  8:24  Zergling x6  
Show
View Real Time Build Order
Export as new Build Order

Oliveira Terran - Winner!

Build Orders: Reaper Expand, Hellion Banshee 

Get SALT Encoding   

  12  0:00  SCV  
  13  0:12  SCV  
  14  0:18  Supply Depot  
  14  0:24  SCV  
  15  0:39  SCV  
  15  0:41  Barracks  
  16  0:46  Refinery  
  16  0:51  SCV  
  17  1:03  SCV  
  18  1:15  SCV  
  19  1:29  Orbital Command  
  19  1:31  Reaper  
  20  1:40  Command Center  
  20  1:49  Supply Depot  
  20  1:54  SCV  
  21  2:03  Marine  
  21  2:06  SCV  
  23  2:12  Factory  
  23  2:18  SCV  
  24  2:25  Barracks Reactor  
  24  2:31  SCV  
  25  2:42  Command Center  
  25  2:43  SCV  
  26  2:52  Orbital Command  
  26  2:55  SCV  
  27  3:03  Starport  
  27  3:06  Refinery  
  27  3:07  SCV  
  28  3:14  Hellion  
  28  3:16  Hellion  
  28  3:18  Barracks Tech Lab  
  32  3:20  SCV  
  32  3:23  SCV  
  34  3:32  SCV  
  35  3:35  SCV  
  35  3:36  Hellion  
  35  3:37  Hellion  
  40  3:44  Marine  
  40  3:46  SCV  
  40  3:47  SCV  
  40  3:48  Banshee  
  46  3:54  Orbital Command  
  46  3:58  SCV  
  46  3:59  SCV  
  46  4:01  Hellion  
  46  4:02  Hellion  
  52  4:09  Supply Depot  
  52  4:11  SCV x2  
  52  4:13  Barracks Tech Lab  
  54  4:20  SCV  
  54  4:23  SCV x2  
  59  4:24  Hellion  
  59  4:26  Hellion  
  59  4:31  Banshee  
  64  4:32  Supply Depot  
  64  4:35  SCV  
  64  4:36  SCV  
  66  4:38  Marine  
  66  4:39  Stimpack  
  66  4:40  SCV  
  68  4:47  SCV  
  68  4:49  Barracks  
  68  4:51  Barracks  
  69  4:53  SCV x2  
  69  4:55  Factory Reactor, Supply Depot  
  69  4:56  Marine  
  69  4:59  SCV  
  73  5:04  Engineering Bay  
  73  5:05  Engineering Bay, Refinery  
  73  5:06  SCV, Refinery  
  75  5:07  SCV  
  75  5:12  SCV  
  76  5:14  Marine  
  76  5:17  Supply Depot  
  76  5:19  SCV  
  76  5:20  SCV  
  79  5:23  Orbital Command, Starport Reactor  
  79  5:31  SCV  
  79  5:32  Terran Infantry Armor Level 1, Terran Infantry Weapons Level 1  
  79  5:33  Barracks  
  79  5:34  SCV  
  79  5:35  Barracks  
  81  5:36  Marine  
  81  5:39  Marine  
  83  5:43  SCV  
  83  5:44  Marine  
  83  5:46  Marine x2, SCV, Supply Depot  
  83  5:47  Siege Tank  
  83  5:48  SCV  
  92  5:54  Marine  
  93  6:04  Supply Depot  
  93  6:05  Supply Depot  
  93  6:07  Marine x3, Medivac x2  
  93  6:08  SCV  
  101  6:15  Barracks x2  
  101  6:17  Barracks  
  101  6:23  Barracks Reactor x2  
  101  6:25  Marine x3, Siege Tank, Combat Shield, SCV x2  
  108  6:27  Supply Depot  
  108  6:30  Supply Depot  
  108  6:31  Marine x2  
  111  6:34  SCV  
  111  6:39  SCV  
  113  6:41  SCV  
  113  6:43  Marine x3  
  117  6:47  Armory  
  117  6:49  Marine x2  
  117  6:50  SCV  
  117  6:54  SCV, Supply Depot  
  120  6:58  Medivac x2  
  120  7:01  Marine x2  
  127  7:02  Supply Depot  
  127  7:04  Marine x2, Siege Tank  
  127  7:05  Marine  
  127  7:07  Marine  
  133  7:08  Supply Depot  
  133  7:15  Marine x5  
  136  7:17  Marine  
  136  7:18  Marine  
  136  7:19  Marine  
  141  7:23  Marine x2  
  141  7:24  Supply Depot  
  141  7:25  Marine x2  
  145  7:33  Marine x4  
  145  7:35  Supply Depot  
  145  7:37  Refinery  
  149  7:43  Marine x6  
  155  7:45  Marine  
  155  7:47  Supply Depot  
  156  7:56  Marine x2  
  156  7:57  Marine x2  
  145  8:06  Marine x5  
  145  8:08  SCV x2  
  145  8:09  Missile Turret x2  
  145  8:17  Marine x2  
  143  8:23  Marine x4  
  143  8:25  SCV  

Tags
 
Add a new tag
Caveats
  • Supply blocks, unpowered buildings, or Contaminate may cause inaccurate times.
  • Supply counts are checked every 10 seconds.